 Dungeon Crawl Stone Soup version 0.21.0-3-g78d12a8 (webtiles) character file.

3502 Mgcat the Severer (level 9, -2/71 HPs)
             Began as a Minotaur Fighter on Jan 17, 2018.
             Was a Believer of Yredelemnul.
             Slain by an orc warrior
             ... wielding a +0 hand axe
              (5 damage)
             ... on level 8 of the Dungeon.
             The game lasted 00:16:18 (5972 turns).

Mgcat the Severer (Minotaur Fighter)                Turns: 5972, Time: 00:16:18

Health: -2/71      AC: 13    Str: 24    XL:     9   Next: 80%
Magic:  10/10      EV:  7    Int:  5    God:    Yredelemnul [**....]
Gold:   403        SH: 10    Dex: 18    Spells: 8/8 levels left

rFire    . . .     SeeInvis .   a - +0 war axe
rCold    . . .     Gourm    .   c - +0 shield
rNeg     . . .     Faith    .   b - +0 scale mail
rPois    .         Spirit   .   (helmet restricted)
rElec    .         Reflect  .   (no cloak)
rCorr    .         Harm     .   l - +2 pair of gloves {Str+3}
MR       .....                  (no boots)
Stlth    ..........             (no amulet)
HPRegen  0.21/turn              h - +3 ring of protection
MPRegen  0.12/turn              n - +5 ring of dexterity

@: drained
A: retaliatory headbutt, horns 2
a: Animate Remains, Recall Undead Slaves, Injury Mirror, Renounce Religion


You were on level 8 of the Dungeon.
You worshipped Yredelemnul.
Yredelemnul was pleased with you.
You were hungry.

You visited 2 branches of the dungeon, and saw 9 of its levels.

You collected 403 gold pieces.

Inventory:

Hand Weapons
 a - a +0 war axe (weapon)
Armour
 b - a +0 scale mail (worn)
 c - a +0 shield (worn)
 l - a +2 pair of gloves of strength (worn)
Jewellery
 h - a +3 ring of protection (left hand)
 n - a +5 ring of dexterity (right hand)
Wands
 z - a wand of clouds (5)
 C - a wand of flame (34)
 G - a wand of random effects (13)
 H - a wand of digging (20)
Scrolls
 e - 7 scrolls of fear
 j - a scroll of teleportation
 k - a scroll of amnesia
 o - a scroll of enchant armour
 p - a scroll of blinking
 r - a scroll of noise
 s - 3 scrolls of remove curse
 u - 6 scrolls of identify
 x - a scroll of random uselessness
 J - a scroll of fog {unknown}
Potions
 d - 4 potions of might
 g - a potion of lignification {unknown}
 i - 2 potions of heal wounds {unknown}
 m - a potion of mutation {unknown}
 q - 2 potions of haste
 t - a potion of cancellation {unknown}
 w - a potion of berserk rage {unknown}
 D - 2 potions of degeneration {unknown}
 E - 3 potions of curing {unknown}
 F - 3 potions of agility {unknown}
 I - a potion of invisibility {unknown}
Books
 v - a Young Poisoner's Handbook

   Spells                             Type                      Level
   a - Sting                          Conjuration/Poison           1
   b - Poisonous Vapours              Poison/Air                   2
   c - Mephitic Cloud                 Conjuration/Poison/Air       3
   d - Olgreb's Toxic Radiance        Poison                       4
   e - Venom Bolt                     Conjuration/Poison           5
 A - a book of Changes

   Spells                             Type                      Level
   a - Beastly Appendage              Transmutation                1
   b - Sticks to Snakes               Transmutation                2
   c - Spider Form                    Transmutation/Poison         3
   d - Ice Form                       Ice/Transmutation            4
   e - Blade Hands                    Transmutation                5
Comestibles
 f - 20 rations


   Skills:
 - Level 3.9(3.6) Fighting
 + Level 15.2(15.0) Axes
 - Level 3.8(3.6) Armour
 - Level 3.8(3.6) Shields
 + Level 3.2(3.0) Invocations


You had 8 spell levels left.
You didn't know any spells.

Dungeon Overview and Level Annotations

Branches:
Dungeon (8/15)             Temple (1/1) D:5
   Lair: D:8-11

Altars:
Dithmenos
Elyvilon
Gozag
Hepliaklqana
Kikubaaqudgha
Nemelex Xobeh
Okawaru
Qazlal
Ru
Uskayaw
Vehumet
Yredelemnul
Zin
The Shining One

Shops:
D:5 }   D:6 =([

Annotations:
D:4 2 transporters
D:8 Prince Ribbit


Innate Abilities, Weirdness & Mutations

You reflexively headbutt those who attack you in melee.
You have a pair of horns on your head.


Message History

You hit the orc wizard.
The orc wizard is heavily wounded.
You hit the orc warrior but do no damage.
The orc wizard points at you and mumbles some strange words.
The magic dart hits you!
* * * LOW HITPOINT WARNING * * *
The orc priest mumbles some strange prayers to Beogh against you.
Beogh smites you!
* * * LOW HITPOINT WARNING * * *
The orc warrior hits you but does no damage.
You slash the orc wizard!
You kill the orc wizard!
Yredelemnul accepts your kill.
You hit the orc warrior.
The orc priest looks braver for a moment.
You barely miss the orc warrior.
The orc warrior is lightly wounded.
The orc warrior hits you with a hand axe.
You die...
Your body rises from the dead as a mindless zombie.

,*
*****,**,#.*,,,,*,,,***,*,,*
,* *,**,#..***o....,,,*,,,*
,* *,**,...* *.o..##,,**,,*
,* *,***#..**#.o...#,,**,,*
,* *,* #.#,,..o....*,**,***
,********,*
#.###.$o#...*,*,,,,,
,**,,,,,#,*
#........#..,,,*****
,**,*##.#.##*#.)##.......,,**
,,,,,......)##..@o..#****,,*
***,*,*,**#[)<.)))..# *,,*
*,,,,,* ####..∩...# *,,*
***,*** #......# *,,* *,*
#......# *,,* *,* ####...#
**,,* *****,* ##### **,,,**
,,,,*,* **,***,** ***,,,*
*,** **,***


You could see an orc warrior and an orc priest.

Vanquished Creatures
  Grinder (D:6)
  A hornet (D:7)
  A hippogriff (D:8)
  Eustachio (D:5)
  Duvessa (D:6)
  2 orc warriors
  An ice beast (D:7)
  5 ogres
  The ghost of appiemonkey the Poker, an amateur DsGl (D:3)
  A necrophage (D:7)
  2 centaurs (D:6)
  2 big kobolds
  A bullfrog (D:7)
  Dowan (D:6)
  A scorpion (D:7)
  5 wights (D:8)
  A centaur zombie (D:7)
  2 crimson imps (D:5)
  A gnoll shaman (D:5)
  4 hounds
  4 orc priests
  A bullfrog skeleton (D:6)
  An iguana (D:5)
  8 orc wizards
  Terence (D:2)
  Natasha (thrice) (D:2)
  A worker ant (D:5)
  A bullfrog simulacrum (D:8)
  A hound zombie (D:5)
  A worker ant zombie (D:6)
  2 howler monkey skeletons
  4 gnolls (D:5)
  17 adders
  2 ufetubi (D:8)
  An ooze (D:5)
  An adder skeleton (D:6)
  3 adder zombies
  A worm (D:3)
  A dart slug (D:1)
  2 leopard geckos
  19 orcs
  6 bats
  8 giant cockroaches
  6 goblins
  13 hobgoblins
  17 jackals
  4 quokkas
  A ball python (D:7)
  5 frilled lizards
  2 jackal skeletons (D:4)
  13 kobolds
  A leopard gecko zombie (D:6)
  A quokka skeleton (D:6)
  6 rats
193 creatures vanquished.

Notes
Turn   | Place    | Note
-------+----------+-------------------------------------------
     0 | D:1      | Mgcat the Minotaur Fighter began the quest for the Orb.
     0 | D:1      | Reached XP level 1. HP: 19/19 MP: 0/0
   141 | D:1      | Found a glowing golden altar of the Shining One.
   264 | D:1      | Reached XP level 2. HP: 27/27 MP: 1/1
   291 | D:1      | Reached skill level 3 in Axes
   519 | D:1      | Reached XP level 3. HP: 23/33 MP: 2/2
   819 | D:2      | Reached skill level 4 in Axes
   874 | D:2      | Noticed Natasha
   888 | D:2      | Noticed Terence
   896 | D:2      | Killed Natasha
   896 | D:2      | Reached XP level 4. HP: 15/40 MP: 3/3
  1099 | D:2      | Noticed Natasha
  1099 | D:2      | Killed Terence
  1099 | D:2      | Reached skill level 5 in Axes
  1172 | D:2      | Killed Natasha
  1206 | D:2      | Noticed Natasha
  1220 | D:2      | Killed Natasha
  1220 | D:2      | Reached skill level 6 in Axes
  1220 | D:2      | Reached XP level 5. HP: 41/46 MP: 4/4
  1547 | D:2      | Reached skill level 7 in Axes
  1663 | D:3      | Noticed appiemonkey's ghost (amateur DsGl)
  1666 | D:3      | Killed appiemonkey's ghost
  1666 | D:3      | Reached XP level 6. HP: 52/52 MP: 5/5
  1684 | D:3      | Reached skill level 8 in Axes
  2338 | D:4      | Reached XP level 7. HP: 37/58 MP: 6/6
  2473 | D:4      | Reached skill level 9 in Axes
  2866 | D:4      | Found a transporter.
  2883 | D:4      | Found a transporter.
  3056 | D:4      | Found a sparkling altar of Nemelex Xobeh.
  3208 | D:5      | Entered Level 5 of the Dungeon
  3268 | D:5      | Reached skill level 10 in Axes
  3398 | D:5      | Noticed Eustachio
  3451 | D:5      | Reached XP level 8. HP: 47/66 MP: 7/7
  3461 | D:5      | Killed Eustachio
  3461 | D:5      | Reached skill level 11 in Axes
  3806 | D:5      | Found a staircase to the Ecumenical Temple.
  3812 | Temple   | Entered the Ecumenical Temple
  3847 | Temple   | Became a worshipper of Yredelemnul the Dark
  3892 | D:5      | Found Goskaeg's Gadget Shop.
  4177 | D:6      | Reached skill level 12 in Axes
  4239 | D:6      | Noticed Duvessa
  4239 | D:6      | Noticed Dowan
  4240 | D:6      | Killed Dowan
  4251 | D:6      | Killed Duvessa
  4389 | D:6      | Found Healaur's Jewellery Shoppe.
  4399 | D:6      | Noticed Grinder
  4406 | D:6      | Killed Grinder
  4543 | D:6      | Reached skill level 13 in Axes
  4602 | D:6      | Found Sisaos's Antique Weapon Shoppe.
  4725 | D:6      | Reached * piety under Yredelemnul
  4786 | D:6      | Found Beel's Antique Armour Boutique.
  5037 | D:7      | Reached XP level 9. HP: 64/71 MP: 8/8
  5182 | D:7      | Reached skill level 14 in Axes
  5525 | D:7      | Found a hide-covered altar of Uskayaw.
  5757 | D:8      | Noticed Prince Ribbit
  5773 | D:8      | Reached skill level 1 in Invocations
  5782 | D:8      | Reached skill level 15 in Axes
  5783 | D:8      | Reached ** piety under Yredelemnul
  5970 | D:8      | HP: 3/71 [orc priest/divine providence (12)]
  5972 | D:8      | Slain by an orc warrior

Skill      XL: |  1  2  3  4  5  6  7  8  9 |
---------------+----------------------------+-----
Axes           | 3 4 6 7 8 10 13 15 | 15.2
Invocations    | 3 |  3.2
Fighting       | |  3.9
Armour         | |  3.8
Shields        | |  3.8

Action                   |  1- 3 |  4- 6 |  7- 9 || total
-------------------------+-------+-------+-------++-------
Melee: War axe           |    74 |   119 |   290 ||   483
       Headbutt          |     8 |    19 |    86 ||   113
  Use: Scroll            |       |       |    10 ||    10
  Eat: Chunk             |       |     5 |    11 ||    16
Armor: Scale mail        |    51 |    67 |   110 ||   228
Dodge: Dodged            |    30 |    43 |    60 ||   133
Block: Shield            |    49 |    62 |   131 ||   242
